3AA
YAKIMA HOPS @ NORTONVILLE CHEROKEES
09/16/2021
 
TOP OF THE 1ST
Yakima Hops batting - Pitching for Nortonville Cherokees : RHP Richard Meyer
Pitching: RHP Richard Meyer
Batting: SHB Carlos Sánchez 0-0: Ball
1-0: Ground out 3-1 (Groundball, 3)
Batting: RHB Gabriel Juárez 0-0: SINGLE (Line Drive, 78S)
Batting: RHB Rafael Durango 0-0: Called Strike
0-1: Fly out, F9 (Flyball, 89M)
Batting: RHB William Gaines 0-0: Called Strike
0-1: Swinging Strike
0-2: Ball
1-2: Ball
2-2: Strikes out swinging
Top of the 1st over - 0 run(s), 1 hit(s), 0 error(s), 1 left on base; Yakima 0 - Nortonville 0
BOTTOM OF THE 1ST
Nortonville Cherokees batting - Pitching for Yakima Hops : RHP Marcos Martínez
Pitching: RHP Marcos Martínez
Batting: RHB David Sánchez 0-0: Called Strike
0-1: Swinging Strike
0-2: Ball
1-2: Ball
2-2: Strikes out swinging
Batting: SHB Craig Barnes 0-0: Ball
1-0: Foul Ball, location: 2F
1-1: Ball
2-1: Fly out, F9 (Flyball, 89M)
Batting: RHB Chris Oudekirk 0-0: Fly out, F9 (Flyball, 9D)
Bottom of the 1st over - 0 run(s), 0 hit(s), 0 error(s), 0 left on base; Yakima 0 - Nortonville 0
TOP OF THE 2ND
Yakima Hops batting - Pitching for Nortonville Cherokees : RHP Richard Meyer
Batting: RHB Miguel Torres 0-0: Ball
1-0: Ball
2-0: Called Strike
2-1: Fly out, F8 (Flyball, 8LS)
Batting: RHB Edgar García 0-0: Ball
1-0: Foul Ball, location: 2F
1-1: SINGLE (Line Drive, 4M)
Batting: RHB António Delgado 0-0: Ball
1-0: Swinging Strike
1-1: Ball
2-1: Foul Ball, location: 2F
2-2: Strikes out looking
Batting: RHB William Miles 0-0: Ground out 5-3 (Groundball, 56)
Top of the 2nd over - 0 run(s), 1 hit(s), 0 error(s), 1 left on base; Yakima 0 - Nortonville 0
BOTTOM OF THE 2ND
Nortonville Cherokees batting - Pitching for Yakima Hops : RHP Marcos Martínez
Batting: RHB Tom Tracy 0-0: Fly out, F9 (Popup, 9LS)
Batting: SHB Chris Cordell 0-0: Ball
1-0: Fly out, F8 (Flyball, 8LD)
Batting: RHB Cristián Cruz 0-0: Foul Ball, location: 2F
0-1: Swinging Strike
0-2: Foul Ball, location: 2F
0-2: Ball
1-2: Foul Ball, location: 2F
1-2: Fly out, F8 (Flyball, 8LD)
Bottom of the 2nd over - 0 run(s), 0 hit(s), 0 error(s), 0 left on base; Yakima 0 - Nortonville 0
TOP OF THE 3RD
Yakima Hops batting - Pitching for Nortonville Cherokees : RHP Richard Meyer
Batting: RHB José Cervantes 0-0: Foul Ball, location: 2F
0-1: Ball
1-1: Swinging Strike
1-2: Strikes out looking
Batting: SHB Carlos Sánchez 0-0: Called Strike
0-1: Swinging Strike
0-2: Ball
1-2: Foul Ball, location: 2F
1-2: Ball
2-2: Ball
3-2: Fly out, F9 (Line Drive, 89M)
Batting: RHB Gabriel Juárez 0-0: SINGLE (Line Drive, 5)
Batting: RHB Rafael Durango 0-0: Called Strike
0-1: Fly out, F7 (Flyball, 78S)
Top of the 3rd over - 0 run(s), 1 hit(s), 0 error(s), 1 left on base; Yakima 0 - Nortonville 0
BOTTOM OF THE 3RD
Nortonville Cherokees batting - Pitching for Yakima Hops : RHP Marcos Martínez
Batting: RHB Bill Manning 0-0: Fly out, F9 (Flyball, 9LM)
Batting: LHB Anthony Trigg 0-0: Called Strike
0-1: Fly out, F4 (Line Drive, 4)
Batting: RHB Víctor López 0-0: Ball
1-0: SINGLE (Line Drive, 34)
Batting: RHB David Sánchez 0-0: Called Strike
0-1: Ball
1-1: Foul Ball, location: 2F
1-2: Ball
2-2: Foul Ball, location: 2F
2-2: Foul Ball, location: 2F
2-2: Strikes out swinging
Bottom of the 3rd over - 0 run(s), 1 hit(s), 0 error(s), 1 left on base; Yakima 0 - Nortonville 0
TOP OF THE 4TH
Yakima Hops batting - Pitching for Nortonville Cherokees : RHP Richard Meyer
Batting: RHB William Gaines 0-0: Ball
1-0: Ball
2-0: Foul Ball, location: 2F
2-1: Fly out, F7 (Flyball, 7M)
Batting: RHB Miguel Torres 0-0: Ball
1-0: Ball
2-0: Ground out 5-3 (Groundball, 5)
Batting: RHB Edgar García 0-0: Ground out 1-3 (Groundball, 13S)
Top of the 4th over - 0 run(s), 0 hit(s), 0 error(s), 0 left on base; Yakima 0 - Nortonville 0
BOTTOM OF THE 4TH
Nortonville Cherokees batting - Pitching for Yakima Hops : RHP Marcos Martínez
Batting: SHB Craig Barnes 0-0: Called Strike
0-1: Ball
1-1: Ball
2-1: Fly out, F8 (Flyball, 8RM)
Batting: RHB Chris Oudekirk 0-0: Ball
1-0: Ball
2-0: Called Strike
2-1: Foul Ball, location: 2F
2-2: Ball
3-2: Fly out, F8 (Flyball, 8LXD)
Batting: RHB Tom Tracy 0-0: Fly out, F6 (Line Drive, 56)
Bottom of the 4th over - 0 run(s), 0 hit(s), 0 error(s), 0 left on base; Yakima 0 - Nortonville 0
TOP OF THE 5TH
Yakima Hops batting - Pitching for Nortonville Cherokees : RHP Richard Meyer
Batting: RHB António Delgado 0-0: Called Strike
0-1: Foul Ball, location: 2F
0-2: Foul Ball, location: 2F
0-2: Ball
1-2: Foul Ball, location: 2F
1-2: Ball
2-2: Foul Ball, location: 2F
2-2: Ball
3-2: Foul Ball, location: 2F
3-2: Foul Ball, location: 2F
3-2: Fly out, F6 (Popup, 56D)
Batting: RHB William Miles 0-0: Fly out, F4 (Line Drive, 4)
Batting: RHB José Cervantes 0-0: Foul Ball, location: 2F
0-1: Ground out 1-3 (Groundball, 13)
Top of the 5th over - 0 run(s), 0 hit(s), 0 error(s), 0 left on base; Yakima 0 - Nortonville 0
BOTTOM OF THE 5TH
Nortonville Cherokees batting - Pitching for Yakima Hops : RHP Marcos Martínez
Batting: SHB Chris Cordell 0-0: Ball
1-0: Foul Ball, location: 2F
1-1: Called Strike
1-2: Strikes out swinging
Batting: RHB Cristián Cruz 0-0: Called Strike
0-1: Foul Ball, location: 2F
0-2: Fly out, F7 (Flyball, 78M)
Batting: RHB Bill Manning 0-0: Ball
1-0: Ball
2-0: Called Strike
2-1: Ball
3-1: Fly out, F8 (Flyball, 8RD)
Bottom of the 5th over - 0 run(s), 0 hit(s), 0 error(s), 0 left on base; Yakima 0 - Nortonville 0
TOP OF THE 6TH
Yakima Hops batting - Pitching for Nortonville Cherokees : RHP Richard Meyer
Batting: SHB Carlos Sánchez 0-0: Ball
1-0: Ball
2-0: Called Strike
2-1: Foul Ball, location: 2F
2-2: Foul Ball, location: 2F
2-2: Fly out, F2 (Popup, 2RF)
Batting: RHB Gabriel Juárez 0-0: Ball
1-0: Ball
2-0: Foul Ball, location: 2F
2-1: Ground out 6-3 (Groundball, 6)
Batting: RHB Rafael Durango 0-0: Ball
1-0: Foul Ball, location: 2F
1-1: Foul Ball, location: 2F
1-2: Strikes out swinging
Top of the 6th over - 0 run(s), 0 hit(s), 0 error(s), 0 left on base; Yakima 0 - Nortonville 0
BOTTOM OF THE 6TH
Nortonville Cherokees batting - Pitching for Yakima Hops : RHP Marcos Martínez
Batting: LHB Anthony Trigg 0-0: Ball
1-0: Called Strike
1-1: Called Strike
1-2: Ground out 4-3 (Groundball, 4)
Batting: RHB Víctor López 0-0: Fly out, F4 (Line Drive, 4)
Batting: RHB David Sánchez 0-0: Foul Ball, location: 2F
0-1: Ball
1-1: Ball
2-1: Fly out, F6 (Popup, 6M)
Bottom of the 6th over - 0 run(s), 0 hit(s), 0 error(s), 0 left on base; Yakima 0 - Nortonville 0
TOP OF THE 7TH
Yakima Hops batting - Pitching for Nortonville Cherokees : RHP Richard Meyer
Batting: RHB William Gaines 0-0: Called Strike
0-1: Ground out 5-3 (Groundball, 5L)
Batting: RHB Miguel Torres 0-0: Called Strike
0-1: Ground out 2-3 (Groundball, 25)
Pinch Hitting: SHB Jim Unknown 0-0: DOUBLE (Line Drive, 3L)
Batting: RHB António Delgado 0-0: SINGLE (Groundball, 5D)
Jim Unknown to third
Runner from 3rd tries for Home, SAFE, no throw or cutoff
Pinch Hitting: RHB Cal Jackson 0-0: Foul Ball, location: 2F
0-1: Called Strike
0-2: Ball
1-2: Ball
2-2: Strikes out swinging
Top of the 7th over - 1 run(s), 2 hit(s), 0 error(s), 1 left on base; Yakima 1 - Nortonville 0
BOTTOM OF THE 7TH
Nortonville Cherokees batting - Pitching for Yakima Hops : RHP Marcos Martínez
Now at 1B: Burton Storey
Now in LF: Jim Unknown
Batting: SHB Craig Barnes 0-0: Ball
1-0: Called Strike
1-1: Foul Ball, location: 2F
1-2: Strikes out swinging
Batting: RHB Chris Oudekirk 0-0: Ball
1-0: Called Strike
1-1: Ground out 5-3 (Groundball, 56S)
Batting: RHB Tom Tracy 0-0: Foul Ball, location: 2F
0-1: Ball
1-1: Swinging Strike
1-2: Ball
2-2: Strikes out swinging
Bottom of the 7th over - 0 run(s), 0 hit(s), 0 error(s), 0 left on base; Yakima 1 - Nortonville 0
TOP OF THE 8TH
Yakima Hops batting - Pitching for Nortonville Cherokees : RHP Richard Meyer
Batting: RHB José Cervantes 0-0: Called Strike
0-1: Ball
1-1: Ball
2-1: SINGLE (Line Drive, 56D)
Batting: SHB Carlos Sánchez 0-0: Ball
1-0: Ball
2-0: Called Strike
2-1: Ball
3-1: Swinging Strike
3-2: Strikes out swinging
Pinch Hitting: RHB Chris Robinson 0-0: Called Strike
0-1: Ball
1-1: Called Strike
1-2: Foul Ball, location: 2F
1-2: Strikes out swinging
Batting: RHB Rafael Durango 0-0: Ball
1-0: Ball
2-0: Called Strike
2-1: Fly out, F7 (Flyball, 78M)
Top of the 8th over - 0 run(s), 1 hit(s), 0 error(s), 1 left on base; Yakima 1 - Nortonville 0
BOTTOM OF THE 8TH
Nortonville Cherokees batting - Pitching for Yakima Hops : RHP Marcos Martínez
Now at 3B: Marco Altichioro
Batting: SHB Chris Cordell 0-0: Called Strike
0-1: Ball
1-1: Ground out 1-3 (Groundball, 3S)
Batting: RHB Cristián Cruz 0-0: Ball
1-0: Ball
2-0: Ball
3-0: Base on Balls
Batting: RHB Bill Manning 0-0: Fly out, F3 (Popup, 34S)
Pinch Hitting: RHB Claudio Torres 0-0: Swinging Strike
0-1: Called Strike
0-2: Ball
1-2: Ball
2-2: Fielders Choice at 2nd, U4 (Groundball, 4M)
Bottom of the 8th over - 0 run(s), 0 hit(s), 0 error(s), 1 left on base; Yakima 1 - Nortonville 0
TOP OF THE 9TH
Yakima Hops batting - Pitching for Nortonville Cherokees : RHP Richard Meyer
Now in RF: Jafar Taha
Batting: RHB William Gaines 0-0: Swinging Strike
0-1: Ball
1-1: Ball
2-1: Foul Ball, location: 2F
2-2: Ball
3-2: Strikes out swinging
Batting: RHB Miguel Torres 0-0: Foul Ball, location: 2F
0-1: Ball
1-1: Ball
2-1: Foul Ball, location: 2F
2-2: Ball
3-2: Ground out 6-3 (Groundball, 6M)
Batting: SHB Jim Unknown 0-0: Called Strike
0-1: Foul Ball, location: 2F
0-2: Foul Ball, location: 2F
0-2: Strikes out swinging
Top of the 9th over - 0 run(s), 0 hit(s), 0 error(s), 0 left on base; Yakima 1 - Nortonville 0
BOTTOM OF THE 9TH
Nortonville Cherokees batting - Pitching for Yakima Hops : RHP Marcos Martínez
Pinch Hitting: SHB Gonzalo Valentín 0-0: Ball
1-0: Foul Ball, location: 2F
1-1: Foul Ball, location: 2F
1-2: Ball
2-2: Ball
3-2: Base on Balls
Pitching: RHP José Caballero
Batting: RHB David Sánchez 0-0: Ball
1-0: Sac Bunt - play at first, batter OUT! 1-4
Gonzalo Valentín to second
Batting: SHB Craig Barnes 0-0: Called Strike
0-1: Ball
1-1: Called Strike
1-2: Ball
2-2: Ball
3-2: Foul Ball, location: 2F
3-2: Ground out 4-3 (Groundball, 34)
Gonzalo Valentín to third
Batting: RHB Chris Oudekirk 0-0: Called Strike
0-1: Foul Ball, location: 2F
0-2: Ball
1-2: Fly out, F4 (Popup, 4MD)
Bottom of the 9th over - 0 run(s), 0 hit(s), 0 error(s), 1 left on base; Yakima 1 - Nortonville 0
This league is powered by Out of the Park Baseball, the baseball management simulation game for PC, Mac and Linux
Friday, January 22nd, 2016 - OOTP Baseball 16.9 Build 39